 Dungeon Crawl Stone Soup version 0.17-a0-2064-g265a032 (webtiles) character file.

102 SlimeFever the Insei (level 4, 0/35 HPs)
             Began as a Demonspawn Monk on Oct 12, 2015.
             Slain by an orc wizard
             ... wielding a +0 dagger
              (5 damage)
             ... on level 3 of the Dungeon.
             The game lasted 00:11:38 (1671 turns).

SlimeFever the Insei (Demonspawn Monk)              Turns: 1671, Time: 00:11:38

Health: 0/35       AC:  4    Str: 13    XL:     4   Next: 50%
Magic:  4/4        EV: 13    Int: 11    God:
Gold:   135        SH:  0    Dex: 15    Spells: 0 memorised, 3 levels left

rFire  + . .     SeeInvis .       - Unarmed
rCold  . . .     Clarity  .     c - +1 robe
rNeg   . . .     SustAt   .     (no shield)
rPois  .         Gourm    .     (helmet restricted)
rElec  .         Spirit   .     (no cloak)
rCorr  .         Warding  .     (no gloves)
rMut   .         Stasis   .     o - +0 pair of boots
MR     .....                    (no amulet)
Stlth  ++........               (no ring)
                                m - ring of protection from fire

@: not resistant to hostile enchantments, unstealthy
A: antennae 1, powered by death 1
a: no special abilities


You were on level 3 of the Dungeon.
You were not hungry.

You visited 1 branch of the dungeon, and saw 3 of its levels.

You collected 135 gold pieces.

Inventory:

Hand Weapons
 a - a +0 hunting sling
Missiles
 f - 32 sling bullets
Armour
 c - a +1 robe (worn)
 o - a +0 pair of boots (worn)
Jewellery
 m - a ring of protection from fire (left hand)
Scrolls
 d - a scroll of identify
 g - a scroll of teleportation
 h - 5 scrolls of remove curse
 q - a scroll of enchant weapon {unknown}
Potions
 e - 3 potions of curing
 i - 2 potions of flight
 j - a potion of magic
 k - a potion of might
 l - a potion of ambrosia {unknown}
 n - a potion of berserk rage {unknown}
 p - a potion of poison {unknown}
Comestibles
 b - 3 bread rations
 r - a slice of pizza


   Skills:
 + Level 3.5 Fighting
 + Level 0.5 Slings
 * Level 3.5 Dodging
 + Level 2.1 Stealth
 * Level 4.3 Unarmed Combat


You had 3 spell levels left.
You didn't know any spells.

Dungeon Overview and Level Annotations

Branches:
Dungeon (3/15)

Altars:
Makhleb
Yredelemnul


Innate Abilities, Weirdness & Mutations

You have a pair of small antennae on your head.
You regenerate a little health from kills.


Message History

The orc wizard is severely wounded.
The orc wizard hits you with a dagger. The orc closely misses you.
The orc wizard hits you but does no damage.
You hit the orc wizard but do no damage.
The orc wizard is severely wounded.
The orc wizard mumbles some strange words.
The orc wizard blinks!
The orc priest invokes the aid of Beogh against you.
Something smites you! The orc barely misses you.
You closely miss the orc priest. The orc priest hits you with a club.
* * * LOW HITPOINT WARNING * * *
You punch the orc priest!
The orc priest is severely wounded.
The orc hits you with a dagger.
* * * LOW HITPOINT WARNING * * *
You feel better. The orc wizard barely misses you.
The orc hits you with a dagger.
* * * LOW HITPOINT WARNING * * *
The orc priest barely misses you. The orc wizard hits you with a dagger.
You die...

.....# #.# .....# #.#
.....# #... #.# .....#
#... . #.# .....#
#.#.#. ..#
.....######....# #o#
................ #?#
##........##...####.#
#........#....o@oo.#
##........#.#..o###.#
..........#.##..#####.#
..........#...........#
..........#####..######
................>#
....##############
....# ....#


You could see an orc priest, an orc wizard and 2 orcs.

Vanquished Creatures
  A hound (D:2)
  2 adders (D:2)
  2 oozes (D:3)
  3 giant geckos
  5 bats
  10 goblins
  7 hobgoblins
  8 kobolds
  A quokka (D:2)
  A ball python (D:2)
  A giant cockroach (D:1)
  2 giant newts (D:2)
  5 rats
  A spectral orc (D:2)
49 creatures vanquished.

Notes
Turn   | Place    | Note
--------------------------------------------------------------
     0 | D:1      | SlimeFever the Demonspawn Monk began the quest for the Orb.
     0 | D:1      | Reached XP level 1. HP: 18/18 MP: 1/1
    79 | D:1      | Gained mutation: You regenerate a little health from kills. [demonic ancestry]
    79 | D:1      | Reached XP level 2. HP: 9/24 MP: 2/2
   167 | D:1      | Reached skill level 4 in Unarmed Combat
   790 | D:2      | Reached XP level 3. HP: 29/29 MP: 3/3
   838 | D:2      | Found a burning altar of Makhleb.
   911 | D:2      | Gained mutation: You have a pair of small antennae on your head. [demonic ancestry]
   911 | D:2      | Reached XP level 4. HP: 35/35 MP: 4/4
  1433 | D:2      | Found a basalt altar of Yredelemnul.
  1670 | D:3      | HP: 1/35 [orc/dagger (4)]
  1671 | D:3      | Slain by an orc wizard

Vault maps used:
D:1:      minmay_arrival_hallway, moated_statue
D:2:      yredelemnul_forgotten_temple_becter, minivault_26,
          makhleb_heckhound_becter
D:3:      uniq_crazy_yiuf_cottage

Action                   |  1- 3 |  4- 6 || total
-------------------------+-------+-------++-------
Melee: Unarmed           |   103 |   103 ||   206
 Fire: Hunting sling     |    12 |       ||    12
  Use: Scroll            |     5 |     3 ||     8
       Potion            |       |     1 ||     1
 Stab: Sleeping          |     3 |     4 ||     7
  Eat: Meat ration       |       |     1 ||     1
